 Dungeon Crawl Stone Soup version 0.22-a0-117-g314b907 (webtiles) character file.

182 Kavrick the Skirmisher (level 5, -23/42 HPs)
             Began as a Demonspawn Fighter on Jan 29, 2018.
             Killed from afar by Ijyb (26 damage)
             ... with a wand of acid (8)
             ... on level 3 of the Dungeon.
             The game lasted 00:05:47 (1872 turns).

Kavrick the Skirmisher (Demonspawn Fighter)         Turns: 1872, Time: 00:05:48

Health: -23/42     AC:  2    Str: 22    XL:     5   Next: 35%
Magic:  5/5        EV:  7    Int:  9    God:
Gold:   63         SH:  9    Dex: 13    Spells: 4/4 levels left

rFire    . . .     SeeInvis .   a - +0 trident
rCold    . . .     Gourm    .   c - +0 shield
rNeg     . . .     Faith    .   b - +0 scale mail
rPois    .         Spirit   .   (no helmet)
rElec    .         Reflect  .   (no cloak)
rCorr    .         Harm     .   (no gloves)
MR       .....                  (no boots)
Stlth    ..........             (no amulet)
HPRegen  0.14/turn              (no ring)
MPRegen  0.09/turn              (no ring)

@: mighty, corroded
A: claws 1, demonic guardian 1, powered by death 1
a: no special abilities


You were on level 3 of the Dungeon.
You were not hungry.

You visited 1 branch of the dungeon, and saw 3 of its levels.

You collected 63 gold pieces.

Inventory:

Hand Weapons
 a - a +0 trident (weapon)
Armour
 b - a +0 scale mail (worn)
 c - a +0 shield (worn)
Jewellery
 e - an uncursed ring of positive energy {unknown}
 i - an uncursed ring of stealth {unknown}
 m - an uncursed amulet of magic regeneration
Scrolls
 l - 2 scrolls of amnesia
Potions
 j - a potion of flight {unknown}
 k - 2 potions of heal wounds {unknown}
 o - a potion of degeneration {unknown}
 p - a potion of lignification {unknown}
Comestibles
 f - 2 rations
 g - 10 chunks of flesh


   Skills:
 + Level 3.8 Fighting
 * Level 3.4 Polearms
 + Level 3.4 Armour
 + Level 3.4 Shields


You had 4 spell levels left.
You didn't know any spells.

Dungeon Overview and Level Annotations

Branches:
Dungeon (3/15)

Altars:
Elyvilon
Nemelex Xobeh

Annotations:
D:3 Ijyb


Innate Abilities, Weirdness & Mutations

You have sharp fingernails.
A weak demonic guardian rushes to your aid.
You regenerate a little health from kills.


Message History

The goblin barely misses your white imp.
Ijyb barely misses you.
You hit Ijyb but do no damage.
Ijyb is moderately wounded.
Your white imp closely misses Ijyb.
The goblin barely misses your white imp.
Ijyb hits you.
* * * LOW HITPOINT WARNING * * *
You feel very mighty all of a sudden.
Your white imp hits Ijyb.
Your white imp freezes Ijyb.
The goblin hits your white imp but does no damage.
Ijyb hits you.
* * * LOW HITPOINT WARNING * * *
You closely miss Ijyb.
Ijyb is heavily wounded.
Your white imp hits Ijyb.
Your white imp freezes Ijyb.
The goblin closely misses your white imp.
Ijyb zaps a wand.
The bolt of acid hits you!
Ouch! That really hurt!
You die...

### *#.###########
*****##########.#w.........#
,,,,,.........g###.#######.#
*****########.5g#5...# #.#
,,,,,,,.......##@_##.# #.#
*******######.###.##.# #.#
*,,,* #.# #(##w# #.######
,,,,********#.# #.##.#
#....<.# ,,,,,,,,,,,,#.#
#.##.# ######.#
,,,********,#.# #.##.# #.#
>,,* *,#.* #.##.# #.# ,*,*
*,*,* #.##.# #.# ,*,* *,*,*
#.##.# #.#


You could see Ijyb, a goblin, a friendly white imp and a friendly shadow imp.

Vanquished Creatures
  Jessica (D:2)
  Robin (D:2)
  An adder (D:2)
  6 gnolls
  An ooze (D:1)
  3 worms
  A dart slug (D:3)
  3 leopard geckos
  A giant cockroach (D:2)
  6 goblins
  12 hobgoblins
  4 jackals (D:2)
  2 kobolds
  5 bats
  A frilled lizard (D:1)
  9 rats
57 creatures vanquished.

Vanquished Creatures (collateral kills)
  A gnoll (D:3)
1 creature vanquished.

Grand Total: 58 creatures vanquished

Notes
Turn   | Place    | Note
-------+----------+-------------------------------------------
     0 | D:1      | Kavrick the Demonspawn Fighter began the quest for the Orb.
     0 | D:1      | Reached XP level 1. HP: 18/18 MP: 1/1
   150 | D:1      | Gained mutation: You regenerate a little health from kills. [demonic ancestry]
   150 | D:1      | Reached XP level 2. HP: 19/24 MP: 2/2
   748 | D:2      | Gained mutation: You have sharp fingernails. [demonic ancestry]
   748 | D:2      | Reached XP level 3. HP: 22/29 MP: 3/3
   833 | D:2      | Found a white marble altar of Elyvilon.
   885 | D:2      | Reached XP level 4. HP: 21/35 MP: 4/4
  1129 | D:2      | Noticed Jessica
  1140 | D:2      | Killed Jessica
  1498 | D:2      | Noticed Robin
  1510 | D:2      | Killed Robin
  1510 | D:2      | Gained mutation: A weak demonic guardian rushes to your aid. [demonic ancestry]
  1510 | D:2      | Reached XP level 5. HP: 37/42 MP: 5/5
  1778 | D:3      | Found a sparkling altar of Nemelex Xobeh.
  1857 | D:3      | Noticed Ijyb
  1872 | D:3      | Killed from afar by Ijyb

Vault maps used:
D:1:      minmay_arrival_nine_rooms
D:2:      elyvilon_altar_5, uniq_robin, uniq_jessica
D:3:      cheibrodos_thug_alley, overflow_temple_1_default, first_ration,
          portal_sewer_entry_d, uniq_ijyb, uniq_natasha

Skill      XL: |  1  2  3  4 |
---------------+-------------+-----
Polearms       | 2 3 |  3.4
Armour         | 3 |  3.4
Shields        | 3 |  3.4
Fighting       | |  3.8

Action                   |  1- 3 |  4- 6 || total
-------------------------+-------+-------++-------
Melee: Trident           |   100 |   144 ||   244
  Use: Scroll            |       |     5 ||     5
       Potion            |       |     1 ||     1
 Stab: Distracted        |       |     1 ||     1
  Eat: Chunk             |       |     4 ||     4
Armor: Scale mail        |    35 |    34 ||    69
Dodge: Dodged            |    18 |    39 ||    57
Block: Shield            |    49 |    54 ||   103

Table legend:
 A = Spawn XP
 B = Non-spawn XP
 C = Spawn XP percentage of total XP
 D = Spawn monster count
 E = Non-spawn monster count
 F = Spawn count percentage of total count
 G = Total turns spent on level
                    A         B        C        D         E        F      G
               +---------+---------+-------+---------+---------+-------+---------
         Total |       0 |     261 |   0.0 |       0 |      58 |   0.0 |  1872
               +---------+---------+-------+---------+---------+-------+---------
           D:1 |       0 |      31 |   0.0 |       0 |      17 |   0.0 |   655
           D:2 |       0 |     168 |   0.0 |       0 |      34 |   0.0 |  1052
           D:3 |       0 |      62 |   0.0 |       0 |       7 |   0.0 |   165
               +---------+---------+-------+---------+---------+-------+---------
